 Dungeon Crawl Stone Soup version 0.30.0-29-ga12c61a403 (webtiles) character file.

Game seed: 8615685650337481715

590 BONEBRO the Grappler (level 7, 0/66 HPs)
             Began as a Troll Berserker on June 20, 2023.
             Was a Believer of Trog.
             Slain by a centaur (2 damage)
             ... on level 6 of the Dungeon.
             The game lasted 00:08:25 (2827 turns).

BONEBRO the Grappler (Troll Berserker)              Turns: 2827, Time: 00:08:26

Health: 0/66       AC:  6    Str: 28    XL:     7   Next: 15%
Magic:  6/6        EV: 10    Int:  3    God:    Trog [**....]
Gold:   181        SH:  0    Dex:  9    Spells: 6/6 levels left

rFire   . .          .
                       - Unarmed
rCold   . . .        (no shield)
rNeg    . . .        a - +1 animal skin
rPois   .            (helmet restricted)
rElec   .            v - +0 cloak
rCorr   .            (gloves unavailable)
SInv    .            (boots unavailable)
Will    ++...        (no amulet)
Stlth   +            (no ring)
HPRegen 2.11/turn    (no ring)
MPRegen 0.10/turn

%: no passive effects
@: strong-willed (expiring), on berserk cooldown, regenerating (expiring),
slowed, very slow
A: large, unfitting armour, claws 3, regeneration 1, shaggy fur 1, tough skin 1
a: Renounce Religion, Berserk, Trog's Hand


You were on level 6 of the Dungeon.
You worshipped Trog.
Trog was pleased with you.
You visited 1 branch of the dungeon, and saw 6 of its levels.

You collected 181 gold pieces.

Inventory:

Missiles
 i - a large rock (quivered)
 t - 30 stones
 z - 6 poisoned darts
Armour
 a - a +1 animal skin (worn)
 s - a +0 helmet
 v - a +0 cloak (worn)
Jewellery
 w - a +6 ring of intelligence
Wands
 n - a wand of paralysis (4)
Scrolls
 b - 2 scrolls of vulnerability {unknown}
 d - 3 scrolls of teleportation {unknown}
 e - 2 scrolls of fear {unknown}
 g - a scroll of magic mapping {unknown}
 h - 2 scrolls of noise {unknown}
 m - a scroll of identify {unknown}
 p - a scroll of acquirement {unknown}
 q - 2 scrolls of enchant weapon {unknown}
 y - a scroll of summoning {unknown}
Potions
 c - 2 potions of attraction {unknown}
 f - 2 potions of curing {unknown}
 j - 2 potions of degeneration {unknown}
 k - a potion of resistance {unknown}
 l - a potion of ambrosia {unknown}
 r - 2 potions of mutation {unknown}
 u - a potion of lignification {unknown}
 x - a potion of heal wounds {unknown}


   Skills:
 - Level 2.4 Fighting
 - Level 2.4 Dodging
 + Level 8.3 Unarmed Combat


You had 6 spell levels left.
You didn't know any spells.
Your spell library was empty.

Dungeon Overview and Level Annotations

Branches:
Dungeon (7/15)
 Temple: D:4-7

Altars:

Shops:
D:1 =

Annotations:
D:7 Joseph


Innate Abilities, Weirdness & Mutations

You are too large for most types of armour.
You have claws for hands.
Your natural rate of healing is unusually fast.
You are covered in fur. (AC +1)
You have tough skin. (AC +1)


Message History

* * * LOW HITPOINT WARNING * * *
There is a stone staircase leading up, spattered with blood here.
The howler monkey hits you but does no damage.
The howler monkey hoots and howls with incredible vigour!
You hear a shout! x2; You hear an angry hiss.
You climb upwards.
The centaur barely misses you.
The centaur kicks you but does no damage.
The centaur hits you but does no damage.
The centaur closely misses you.
The centaur hits you but does no damage.
The centaur kicks you but does no damage.
The water moccasin bites you.
* * * LOW HITPOINT WARNING * * *
There is a stone staircase leading down here.
The centaur attacks as you move away!
The centaur hits you but does no damage.
The centaur kicks you.
* * * LOW HITPOINT WARNING * * *
The howler monkey attacks as you move away!
The howler monkey barely misses you.
You feel the effects of Trog's Hand fading.
The centaur wields a +0 shortbow.
The centaur shoots an arrow.
The arrow completely misses you. The water moccasin barely misses you.
The water moccasin bites you but does no damage.
The centaur unwields a +0 shortbow.
The centaur hits you.
* * * LOW HITPOINT WARNING * * *
The centaur kicks you.
* * * LOW HITPOINT WARNING * * *
Unknown command.
Unknown command.
Unknown command.
Unknown command.
As you read the scroll labelled GIOWNI POGA, it crumbles to dust.
It is a scroll of enchant armour.
Your +0 animal skin glows green for a moment.
The water moccasin bites you.
* * * LOW HITPOINT WARNING * * *
The centaur hits you but does no damage.
The centaur kicks you.
You die...

...............#
...............#
.........>....#
..............#
#............##
#..............
#.....S.....###
#...!hc@.......
#....####.#.###
#... # #.. #. #


You could see a water moccasin, a centaur and a howler monkey.

Vanquished Creatures
  Eustachio (D:4)
  A black bear (D:7)
  A gnoll sergeant (D:7)
  A hound (D:4)
  2 gnoll boudas
  An iguana (D:4)
  7 gnolls
  4 adders
  2 worms
  A dart slug (D:1)
  6 orcs
  3 endoplasms
  4 giant cockroaches
  17 goblins
  5 hobgoblins (D:1)
  4 jackals (D:3)
  5 kobolds
  3 quokkas
  3 ball pythons
  3 bats
  A frilled lizard (D:2)
  5 rats
80 creatures vanquished.

Notes
Turn   | Place    | Note
-------+----------+-------------------------------------------
     0 | D:1      | BONEBRO the Troll Berserker began the quest for the Orb.
     0 | D:1      | Reached XP level 1. HP: 22/22 MP: 0/0
   108 | D:1      | Found Mole's Jewellery Boutique.
   261 | D:1      | Reached XP level 2. HP: 29/29 MP: 1/1
   525 | D:1      | Reached skill level 4 in Unarmed Combat
   614 | D:1      | Found a faded altar of an unknown god.
   831 | D:2      | Reached XP level 3. HP: 34/36 MP: 2/2
   938 | D:2      | Identified the +1 long sword "Missia" {freeze, *Corrode
                  | Str+5}
  1139 | D:2      | Reached ** piety under Trog
  1563 | D:3      | Reached XP level 4. HP: 42/42 MP: 3/3
  1568 | D:3      | Reached skill level 5 in Unarmed Combat
  1710 | D:3      | Reached XP level 5. HP: 32/50 MP: 4/4
  1719 | D:3      | Reached skill level 6 in Unarmed Combat
  2257 | D:4      | Reached XP level 6. HP: 59/59 MP: 5/5
  2618 | D:4      | Noticed Eustachio
  2627 | D:4      | Killed Eustachio
  2628 | D:4      | Reached skill level 7 in Unarmed Combat
  2734 | D:4      | You fall into a shaft and drop 3 floors!
  2738 | D:6      | Noticed a water moccasin
  2763 | D:7      | Noticed a hornet
  2786 | D:7      | Reached skill level 8 in Unarmed Combat
  2786 | D:7      | Reached XP level 7. HP: 57/66 MP: 6/6
  2790 | D:7      | Noticed Joseph
  2823 | D:7      | HP: 2/66 [centaur/arrow (8)]
  2827 | D:6      | Slain by a centaur

Illustrated notes

Levels and vault maps discovered:
D:1:      zelgadis_glass_arrival_small, layout_loops_ring,
          hellmonk_ecumenical_altar_defaced_shrine, serial_shops, shop,
          minivault_26, moated_statue, grunt_decor_one_mirror
D:2:      layout_loops_corners
D:3:      layout_basic
D:4:      layout_basic, gammafunk_temple_overflow_pools, st_stairs_11,
          uniq_eustachio
D:6:      layout_basic, serial_shops, nicolae_square_shop
D:7:      layout_basic, minmay_misc_feat_five, uniq_prince_ribbit1, uniq_maggie,
          uniq_joseph

Skill      XL: |  1  2  3  4  5  6 |
---------------+-------------------+-----
Unarmed Combat | 4 5 6 8 |  8.3
Fighting       | |  2.4
Dodging        | |  2.4

Action                     |  1- 3 |  4- 6 |  7- 9 || total
---------------------------+-------+-------+-------++-------
  Melee: Unarmed           |   105 |   105 |    10 ||   220
         Punch             |       |     3 |       ||     3
 Invoke: Berserk           |       |     3 |     1 ||     4
         Trog's Hand       |       |     2 |     1 ||     3
    Use: Scroll            |       |       |     1 ||     1
   Stab: Sleeping          |     1 |       |       ||     1
 Armour: Animal skin       |    22 |    21 |     8 ||    51
  Dodge: Dodged            |    43 |    48 |    20 ||   111
